 Dungeon Crawl Stone Soup version 0.26.1-11-gd32895ea62 (webtiles) character file.

Game seed: 5523325004407385996

128 H0rd4k the Ruffian (level 4, -2/45 HPs)
             Began as a Troll Abyssal Knight on July 8, 2021.
             Was a Believer of Lugonu.
             Slain by a gnoll
             ... wielding a +0 spear
              (8 damage)
             ... on level 3 of the Dungeon.
             The game lasted 00:03:36 (1530 turns).

H0rd4k the Ruffian (Troll Abyssal Knight)           Turns: 1530, Time: 00:03:37

Health: -2/45      AC:  6    Str: 21    XL:     4   Next: 86%
Magic:  4/4        EV: 10    Int:  8    God:    Lugonu [**....]
Gold:   26         SH:  0    Dex:  9    Spells: 3/3 levels left

rFire    . . .     SeeInvis .     - Unarmed
rCold    . . .     Faith    .   (no shield)
rNeg     . . .     Spirit   .   a - +0 robe
rPois    .         Reflect  .   (helmet restricted)
rElec    .         Harm     .   (no cloak)
rCorr    .         Rampage  .   (gloves unavailable)
Will     .....                  (boots unavailable)
Stlth    +.........             (no amulet)
HPRegen  0.55/turn              (no ring)
MPRegen  0.09/turn              (no ring)

@: confused
A: large, unfitting armour, claws 3, regeneration 1, shaggy fur 1, tough skin 3
a: Renounce Religion, Depart the Abyss, Bend Space


You were on level 3 of the Dungeon.
You worshipped Lugonu.
Lugonu was pleased with you.
You visited 1 branch of the dungeon, and saw 3 of its levels.
You visited the Abyss 1 time.

You collected 26 gold pieces.

Inventory:

Armour
 a - a +0 robe (worn)
Scrolls
 c - 4 scrolls of remove curse {unknown}
 f - a scroll of noise {unknown}
 i - a scroll of random uselessness {unknown}
 j - a scroll of identify {unknown}
 k - a scroll of teleportation {unknown}
 l - a scroll of magic mapping {unknown}
Potions
 b - a potion of lignification {unknown}
 d - a potion of heal wounds {unknown}
 e - 2 potions of curing {unknown}
 g - a potion of invisibility {unknown}
 h - a potion of resistance {unknown}


   Skills:
 + Level 3.1 Fighting
 + Level 2.8 Dodging
 + Level 0.1 Stealth
 + Level 3.6 Unarmed Combat
 + Level 1.6 Invocations


You had 3 spell levels left.
You didn't know any spells.
Your spell library was empty.

Dungeon Overview and Level Annotations

Branches:
Dungeon (3/15)

Altars:
Vehumet
Zin


Innate Abilities, Weirdness & Mutations

You are too large for most types of armour.
You have claws for hands.
Your natural rate of healing is unusually fast.
You are covered in fur. (AC +1)
You have extremely tough skin. (AC +3)


Message History

You closely miss the orc wizard.
The orc wizard is lightly wounded.
The orc wizard hits you but does no damage.
The orc closely misses you.
The gnoll hits you from afar with a +0 spear.
You claw the orc wizard! Your claw misses the orc wizard.
The orc wizard is severely wounded.
The orc wizard points at you and mumbles some strange words.
You resist with some effort. The orc hits you but does no damage.
The gnoll hits you from afar with a +0 spear!
You claw the orc wizard!
You kill the orc wizard!
Lugonu accepts your kill. The orc hits you but does no damage.
The gnoll hits you from afar with a +0 spear!
* * * LOW HITPOINT WARNING * * *
You barely miss the orc.
You feel sick.
You are no longer poisoned.
The gnoll hits you from afar with a +0 spear!
You die...

....... #.#.... ...#
...... #...# ##....#
#...##### .....#
#.......#
##.oo#####.......#
...#..go............#
#...ogo#####.......
.....ogo@.......#####
.#...#####...........
#.. #.##.#.....( .<.
#.##.# ...### .#
#.##.#......
#.##.#....##
#.##.##...#
#.##......# ###....##


You could see 2 gnolls, 7 orcs and a hobgoblin.

Vanquished Creatures
  An orc wizard (D:3)
  3 adders
  A gnoll (D:3)
  An ooze (D:1)
  2 worms (D:2)
  3 dart slugs (D:1)
  2 leopard geckos
  2 ball pythons
  4 giant cockroaches
  5 goblins
  4 hobgoblins
  9 kobolds
  A quokka (D:2)
  5 bats (D:1)
  A frilled lizard (D:1)
  6 rats
50 creatures vanquished.

Vanquished Creatures (others)
  14 toadstools (D:1)
14 creatures vanquished.

Grand Total: 64 creatures vanquished

Notes
Turn   | Place    | Note
-------+----------+-------------------------------------------
     0 | Abyss:1  | H0rd4k the Troll Abyssal Knight began the quest for the
                  | Orb.
     0 | Abyss:1  | Reached XP level 1. HP: 22/22 MP: 1/1
    10 | D:1      | Escaped the Abyss
   136 | D:1      | Reached XP level 2. HP: 29/29 MP: 2/2
   333 | D:1      | Reached ** piety under Lugonu
   403 | D:1      | Reached XP level 3. HP: 36/36 MP: 3/3
   745 | D:2      | Found a glowing silver altar of Zin.
   745 | D:2      | Found a radiant altar of Vehumet.
  1069 | D:2      | Reached XP level 4. HP: 40/45 MP: 4/4
  1530 | D:3      | Slain by a gnoll

Illustrated notes

Levels and vault maps discovered:
D:1:      nagdon_arrival_zigzag_paths, layout_basic
D:2:      layout_basic, chequers_temple_overflow_statue_of_worship, hex_tiny
D:3:      layout_basic

Skill      XL: |  1  2  3  4 |
---------------+-------------+-----
Dodging        | 2 |  2.8
Fighting       | 3 |  3.1
Unarmed Combat | 3 |  3.6
Stealth        | |  0.1
Invocations    | |  1.6

Action                   |  1- 3 |  4- 6 || total
-------------------------+-------+-------++-------
Melee: Unarmed           |   122 |    36 ||   158
 Stab: Sleeping          |     1 |       ||     1
Armor: Robe              |    43 |    14 ||    57
Dodge: Dodged            |    58 |    27 ||    85
